Map: [ESL] Alcyone

Players

Future

  • Race: Terran Terran
  • Spawn Location: 7:00

Cham - Winner!

  • Race: Zerg Zerg
  • Spawn Location: 1:00

Event: ESL SC2 Masters 2023 Winter (Regional)

VOD

Have the link to the VOD?

Description

Time

  • Played on: Nov. 5, 2023, 12:35 p.m.
  • Length: 11:05

All games in this series

Show
View Real Time Build Order
Export as new Build Order

Future Terran 

Build Orders:  

Get SALT Encoding   

  12  0:00  SCV  
  13  0:12  SCV  
  14  0:17  Supply Depot  
  14  0:24  SCV  
  15  0:39  SCV  
  15  0:40  Barracks  
  16  0:51  SCV  
  17  1:03  SCV  
  18  1:04  Refinery  
  18  1:15  SCV  
  19  1:27  Orbital Command, Marine  
  20  1:36  Command Center  
  20  1:45  Marine  
  20  1:46  Supply Depot  
  21  1:53  SCV  
  22  2:04  Barracks Reactor  
  22  2:05  SCV  
  22  2:07  Barracks  
  23  2:17  SCV  
  23  2:19  Barracks  
  24  2:29  SCV  
  25  2:40  Marine x2  
  25  2:41  SCV  
  28  2:47  Orbital Command  
  28  2:53  SCV  
  28  2:54  Barracks Tech Lab  
  28  2:57  Marine  
  28  2:58  Marine  
  31  3:05  SCV  
  31  3:06  Barracks Tech Lab  
  31  3:11  Supply Depot  
  33  3:12  SCV  
  33  3:13  Stimpack  
  33  3:14  Marine  
  33  3:15  Marine x2  
  33  3:17  SCV  
  37  3:24  Combat Shield, SCV, Marine  
  39  3:30  SCV  
  40  3:34  Marine x3  
  40  3:37  SCV  
  40  3:40  Supply Depot  
  44  3:42  Marine, SCV  
  46  3:49  SCV  
  46  3:52  Marine x3  
  46  3:54  SCV  
  51  3:58  Factory  
  51  4:00  Marine  
  51  4:01  SCV  
  51  4:02  Refinery x2  
  53  4:05  Supply Depot  
  53  4:06  SCV  
  54  4:10  Marine x2, Refinery  
  54  4:11  Marine  
  54  4:15  SCV  
  58  4:18  SCV, Marine  
  58  4:20  Supply Depot  
  60  4:25  Engineering Bay  
  60  4:27  SCV  
  60  4:30  SCV  
  62  4:32  Marine x3  
  65  4:39  SCV  
  65  4:42  SCV  
  65  4:43  Starport  
  67  4:51  Marine x2  
  68  4:59  Terran Infantry Weapons Level 1, SCV x2  
  66  5:01  Barracks Reactor  
  66  5:04  Siege Tank  
  69  5:11  Supply Depot, SCV x2  
  69  5:12  Supply Depot  
  71  5:14  Marine x2  
  73  5:22  Supply Depot  
  73  5:23  SCV x2  
  73  5:27  Marine  
  76  5:32  Marine x2  
  78  5:36  Siege Tank  
  78  5:39  Supply Depot  
  81  5:44  Medivac x2  
  81  5:45  Supply Depot  
  81  5:47  Marine  
  81  5:48  Barracks Reactor  
  86  5:50  Marine x2  
  88  6:04  Marine  
  88  6:07  Marine  
  88  6:08  Command Center, Marine  
  88  6:09  Siege Tank  
  94  6:22  Marine  
  95  6:25  Marine  
  95  6:28  Medivac x2  
  95  6:30  Marine x3  
  103  6:33  Supply Depot  
  103  6:34  Supply Depot  
  103  6:40  Marine  
  103  6:41  Siege Tank  
  103  6:44  Marine  
  108  6:52  Marine  
  108  6:53  Terran Infantry Armor Level 1  
  109  6:55  Barracks  
  109  6:56  Barracks  
  97  7:04  Marine  
  97  7:05  Marine x3  
  97  7:07  Medivac  
  94  7:10  Marine  
  95  7:16  SCV x2  
  95  7:18  Siege Tank  
  95  7:22  Marine  
  100  7:23  Marine  
  100  7:28  SCV x2  
  104  7:31  Marine x3  
  107  7:40  Orbital Command, Marine  
  108  7:50  Marine  
  108  7:51  Barracks Reactor, Marine x2  
  103  7:52  Barracks Reactor  
  103  7:56  Siege Tank  
  103  7:57  SCV  
  103  7:58  Medivac x2  
  105  8:02  Marine, SCV  
  107  8:07  Armory  
  107  8:08  Marine x2  
  107  8:09  SCV, Engineering Bay  
  110  8:13  SCV  
  110  8:14  SCV  
  109  8:20  Marine  
  109  8:21  SCV, Marine x2  
  109  8:26  Marine  
  112  8:28  Siege Tank  
  115  8:35  SCV x3  
  115  8:36  Marine  
  115  8:39  Marine  
  120  8:43  Factory, Refinery x2  
  120  8:45  Marine x4  
  124  8:48  Marine  
  124  8:49  Marine  
  126  8:57  Marine  
  126  9:00  Marine  
  126  9:01  Marine  
  129  9:02  Marine  
  129  9:03  Marine x2  
  129  9:04  Siege Tank  
  129  9:07  Marine  
  126  9:21  Marine x7  
  126  9:22  Marine  
  126  9:29  Factory Reactor  
  126  9:34  Supply Depot  
  126  9:35  Marine  
  126  9:36  Supply Depot  
  127  9:38  Marine  
  127  9:39  Marine x3  
  127  9:42  Marine, Widow Mine  
  134  9:55  Marine  
  134  9:58  Medivac  
  131  10:11  Marine x3  
  131  10:12  Marine x3  
  102  10:17  Marine x2  
  102  10:18  Marine  
  102  10:20  SCV x3  
  82  10:21  Hellion x3  
  76  10:28  Marine  
  76  10:29  Marine x2  
  76  10:30  Marine x3  
  76  10:35  Marine x3  
  55  10:46  Marine  
  55  10:47  Marine  
Show
View Real Time Build Order
Export as new Build Order

Cham Zerg - Winner!

Build Orders: Hatch First 

Get SALT Encoding   

  12  0:00  Drone  
  13  0:14  Overlord  
  13  0:19  Drone  
  14  0:34  Drone x2  
  16  0:49  Hatchery  
  15  0:51  Drone  
  15  0:55  Drone  
  17  1:08  Spawning Pool  
  17  1:11  Drone  
  17  1:16  Extractor  
  17  1:17  Drone  
  17  1:21  Drone  
  18  1:29  Drone  
  19  1:45  Drone  
  20  1:51  Drone  
  21  2:00  Queen  
  21  2:01  Queen  
  23  2:02  Zergling x4  
  27  2:17  Hatchery  
  27  2:20  Overlord  
  26  2:28  Drone x2  
  28  2:34  Metabolic Boost  
  28  2:42  Queen  
  28  2:43  Drone  
  31  2:47  Drone  
  31  2:50  Drone x2  
  34  2:59  Drone x2  
  34  3:03  Overlord  
  36  3:15  Overlord x2  
  36  3:22  Drone  
  36  3:23  Drone x2, Queen  
  36  3:25  Drone  
  43  3:27  Drone  
  43  3:30  Drone  
  44  3:36  Queen  
  44  3:38  Drone x2  
  48  3:43  Drone  
  48  3:44  Drone x2  
  48  3:47  Queen  
  53  3:53  Overlord  
  54  3:55  Drone  
  54  3:56  Drone x2  
  54  3:57  Drone  
  54  3:58  Drone  
  54  4:00  Drone  
  59  4:04  Queen  
  59  4:06  Drone  
  59  4:09  Overlord  
  62  4:10  Drone  
  62  4:14  Queen  
  62  4:16  Drone  
  62  4:17  Drone  
  67  4:18  Drone  
  67  4:21  Zergling x4  
  67  4:22  Zergling x2  
  71  4:25  Zergling x6  
  71  4:30  Zergling x6  
  77  4:32  Zergling x2  
  78  4:40  Extractor, Baneling Nest  
  78  4:42  Zergling x10  
  80  4:53  Lair  
  80  4:56  Drone x4  
  80  4:58  Overlord  
  82  5:01  Overlord x2  
  82  5:05  Overlord  
  82  5:09  Overlord  
  81  5:15  Hatchery  
  81  5:16  Zergling x2  
  81  5:17  Zergling x4  
  81  5:19  Zergling x8  
  81  5:20  Zergling x2  
  88  5:24  Drone  
  88  5:27  Drone  
  88  5:28  Baneling x3  
  90  5:29  Baneling x2  
  90  5:35  Zergling x10  
  95  5:40  Evolution Chamber  
  95  5:41  Drone, Evolution Chamber  
  94  5:47  Drone  
  94  5:48  Drone x3, Overlord  
  94  5:49  Hatchery  
  97  5:51  Drone  
  97  5:52  Drone  
  97  5:53  Centrifugal Hooks  
  97  5:54  Baneling x3  
  97  5:55  Drone  
  97  5:56  Drone  
  101  6:00  Zergling x6  
  101  6:01  Zergling x2  
  105  6:06  Extractor, Overlord  
  105  6:07  Zergling x2  
  105  6:08  Extractor  
  104  6:14  Zerg Melee Weapons Level 1  
  104  6:16  Drone x2, Overlord  
  104  6:17  Zergling x2  
  104  6:18  Zergling x8  
  111  6:19  Baneling x2  
  111  6:20  Zergling x2  
  112  6:26  Baneling x2  
  112  6:28  Zergling x12  
  112  6:31  Overlord  
  118  6:38  Zergling x4  
  120  6:41  Zerg Ground Armor Level 1  
  120  6:43  Zergling x4  
  120  6:45  Overlord  
  122  6:47  Zergling x4  
  120  7:00  Zergling x14  
  111  7:04  Zergling x2  
  111  7:05  Zergling x8  
  111  7:07  Drone x2  
  111  7:10  Drone  
  111  7:11  Drone  
  111  7:14  Drone x2  
  114  7:16  Overlord  
  114  7:17  Zergling x2  
  114  7:18  Zergling x2, Baneling  
  114  7:19  Baneling x9  
  114  7:20  Baneling  
  114  7:21  Baneling x5  
  114  7:22  Zergling x6  
  119  7:24  Zergling x2  
  119  7:25  Zergling x6  
  119  7:28  Baneling  
  119  7:29  Baneling x3  
  124  7:30  Zergling x2  
  124  7:33  Overlord  
  124  7:34  Zergling x2  
  124  7:35  Zergling x4  
  124  7:36  Baneling  
  127  7:38  Zergling x2  
  122  7:49  Zergling x2  
  122  7:50  Zergling x22  
  126  7:56  Drone x4  
  129  7:59  Baneling x5  
  129  8:01  Drone x6  
  129  8:03  Zergling x2  
  133  8:10  Zergling x6  
  133  8:11  Baneling x2  
  133  8:12  Baneling x3  
  136  8:14  Overlord  
  136  8:16  Zerg Melee Weapons Level 2  
  136  8:17  Zergling x6  
  136  8:18  Zergling x12  
  138  8:23  Zergling x12  
  138  8:26  Zergling x2  
  143  8:35  Zergling x12  
  143  8:37  Drone  
  143  8:39  Overlord  
  143  8:40  Drone x2  
  152  8:44  Drone x2, Overlord  
  154  8:48  Zergling x4  
  154  8:49  Zergling x16  
  154  8:51  Overlord  
  154  8:53  Baneling x4  
  154  8:54  Overlord  
  164  8:58  Zergling x8  
  164  8:59  Zergling x4  
  164  9:01  Baneling  
  164  9:02  Baneling x7  
  145  9:17  Zergling x18  
  145  9:18  Zergling x16  
  152  9:24  Infestation Pit, Queen  
  152  9:25  Drone x2  
  152  9:29  Overlord  
  155  9:31  Baneling x2  
  155  9:32  Zergling x4  
  155  9:35  Zergling x4  
  155  9:38  Baneling x3  
  159  9:39  Baneling x11  
  159  9:40  Zergling x6  
  162  9:49  Zergling x2  
  162  9:50  Zergling x20  
  162  9:52  Baneling x5  
  173  9:56  Zergling x14  
  148  10:14  Zergling x10  
  148  10:15  Zergling x14  
  148  10:19  Baneling  
  148  10:21  Zergling x12  
  158  10:25  Zergling x2  
  158  10:27  Zergling x4  
  148  10:31  Drone  
  148  10:32  Drone  
  138  10:37  Drone x3  
  138  10:39  Zergling x4  
  143  10:46  Baneling x6  
Tags
 
Add a new tag
Caveats
  • Supply blocks, unpowered buildings, or Contaminate may cause inaccurate times.
  • Supply counts are checked every 10 seconds.